 Dungeon Crawl Stone Soup version 0.30.0-29-ga12c61a403 (webtiles) character file.

Game seed: 6602617850548431745

430428 cdecastro the Warrior (level 23, -8/218 HPs)
             Began as a Hill Orc Fighter on June 15, 2023.
             Was the Champion of the Shining One.
             Mangled by a stone giant (24 damage)
             ... on level 5 of the Vaults on June 19, 2023.
             The game lasted 04:03:13 (68117 turns).

cdecastro the Warrior (Hill Orc Fighter)           Turns: 68117, Time: 04:03:13

Health: -8/218     AC: 28    Str: 28    XL:     23   Next: 55%
Magic:  32/34      EV: 17    Int:  8    God:    the Shining One [******]
Gold:   3390       SH: 31    Dex: 12    Spells: 22/22 levels left

rFire   + + .        a - +6 broad axe (flame)
rCold   + + .        r - +0 kite shield
rNeg    + + +        k - +4 chain mail of Junaillo {rPois rC+}
rPois   +            Z - +0 helmet
rElec   .            w - scarf {rC+ rF+}
rCorr   .            v - +0 pair of gloves
SInv    +            J - +3 pair of mountain boots {steadfast, rC+}
Will    ++...        S - amulet of reflection Stlth
                     c - ring of Zewk {Fire rN+ Will+ SInv}
HPRegen 0.56/turn    l - +5 ring of evasion
MPRegen 0.24/turn

%: reflection
@: divinely shielded, glowing, studying Fire Magic
A: no striking features
}: 3/15 runes: decaying, abyssal, gossamer
a: Renounce Religion, Divine Shield, Cleansing Flame, Summon Divine Warrior


You were on level 5 of the Vaults.
You worshipped the Shining One.
The Shining One was exalted by your worship.
You visited 8 branches of the dungeon, and saw 39 of its levels.
You visited the Abyss 1 time.
You also visited: Sewer, Bailey, Volcano and Desolation.

You collected 5009 gold pieces.
You spent 1619 gold pieces at shops.

Inventory:

Hand Weapons
 a - a +6 broad axe of flaming (weapon)
 b - a +9 broad axe of holy wrath
Missiles
 f - 2 silver boomerangs
 o - a boomerang of dispersal
 s - 14 boomerangs (quivered)
 y - 14 curare-tipped darts
 F - 7 javelins
Armour
 k - the +4 chain mail of Junaillo (worn) {rPois rC+}
   (You bought it in a shop on level 2 of the Orcish Mines)

   rC:        It protects you from cold.
   rPois:     It protects you from poison.
 r - a +0 kite shield (worn)
 v - a +0 pair of gloves (worn)
 w - a scarf of resistance (worn)
 J - the +3 pair of mountain boots (worn) {steadfast, rC+}
   (You found it on level 3 of the Elven Halls)

   Steadfast: It prevents involuntary movement, except for blinking,
   teleportation, or banishment.
   rC:        It protects you from cold.
 Z - a +0 helmet (worn)
Jewellery
 c - the ring of Zewk (left hand) {Fire rN+ Will+ SInv}
   (You took it off a deep elf death mage on level 3 of the Elven Halls)

   [ring of fire]

   It enhances your fire magic.
   rF:        It protects you from fire.
   rC:        It makes you vulnerable to cold.
   rN:        It protects you from negative energy.
   SInv:      It lets you see invisible.
   Will:      It increases your willpower.
 l - a +5 ring of evasion (right hand)
 t - a ring of resist corrosion
 S - an amulet of reflection (around neck)
 X - a ring of willpower
Wands
 H - a wand of flame (32)
 K - a wand of roots (26)
 O - a wand of mindburst (16)
 Q - a wand of polymorph (10)
 R - a wand of charming (23)
 U - a wand of digging (21)
 Y - a wand of light (15)
Scrolls
 g - 7 scrolls of teleportation
 i - 5 scrolls of fear
 j - 4 scrolls of blinking
 p - 10 scrolls of vulnerability
 x - 2 scrolls of butterflies
 z - 5 scrolls of fog
 B - 9 scrolls of magic mapping
 C - 3 scrolls of silence
 I - 5 scrolls of immolation
 L - 5 scrolls of poison
Potions
 d - 8 potions of might
 e - 12 potions of haste
 h - 2 potions of cancellation
 m - 13 potions of curing
 n - 4 potions of brilliance
 q - 2 potions of attraction
 A - 11 potions of lignification
 G - 3 potions of resistance
 M - 8 potions of flight
 N - 7 potions of berserk rage
 W - 8 potions of magic
Miscellaneous
 D - a box of beasts
 E - a lightning rod (4/4)
 P - a tin of tremorstones (2/2)
 T - a phial of floods
 V - a phantom mirror


   Skills:
 + Level 20.8 Fighting
 - Level 20.0 Axes
 - Level 17.0 Throwing
 - Level 20.1 Armour
 - Level 6.3 Dodging
 * Level 19.3 Shields
 - Level 15.0 Invocations
 - Level 11.0 Evocations


You had 22 spell levels left.
You didn't know any spells.
Your spell library contained the following spells:

 Spells                   Type           Power      Damage    Failure   Level
 Apportation              Tloc           0%         N/A       78%         1
 Beastly Appendage        Tmut           0%         N/A       78%         1
 Freeze                   Ice            0%         1d3       78%         1
 Necrotise                Necr           0%         1d4       78%         1
 Sandblast                Erth           0%         2d4       78%         1
 Shock                    Conj/Air       0%         1d3       78%         1
 Slow                     Hex            0%         N/A       78%         1
 Summon Small Mammal      Summ           0%         N/A       78%         1
 Ensorcelled Hibernation  Hex/Ice        0%         N/A       89%         2
 Lesser Beckoning         Tloc           0%         N/A       89%         2
 Passwall                 Tmut/Erth      0%         N/A       89%         2
 Poisonous Vapours        Pois/Air       0%         N/A       89%         2
 Scorch                   Fire           0%         2d5       89%         2
 Sublimation of Blood     Necr           0%         N/A       89%         2
 Wereblood                Tmut           0%         N/A       89%         2
 Call Canine Familiar     Summ           0%         N/A       98%         3
 Confusing Touch          Hex            0%         N/A       98%         3
 Frozen Ramparts          Ice            0%         1d1       98%         3
 Gell's Gravitas          Tloc           0%         N/A       98%         3
 Hailstorm                Conj/Ice       0%         3d3       98%         3
 Mephitic Cloud           Conj/Pois/Air  0%         N/A       98%         3
 Ozocubu's Armour         Ice            0%         N/A       98%         3
 Portal Projectile        Hex/Tloc       0%         N/A       98%         3
 Spider Form              Tmut/Pois      0%         N/A       98%         3
 Stone Arrow              Conj/Erth      0%         3d7       98%         3
 Summon Guardian Golem    Hex/Summ       0%         N/A       98%         3
 Swiftness                Air            0%         N/A       98%         3
 Teleport Other           Tloc           0%         N/A       98%         3
 Tukima's Dance           Hex            0%         N/A       98%         3
 Vampiric Draining        Necr           0%         2d6       98%         3
 Airstrike                Air            0%         2d(0-16)  100%        4
 Anguish                  Hex/Necr       0%         N/A       100%        4
 Flame Wave               Conj/Fire      0%         2d4       100%        4
 Leda's Liquefaction      Hex/Erth       0%         N/A       100%        4
 Passage of Golubria      Tloc           0%         N/A       100%        4
 Petrify                  Tmut/Erth      0%         N/A       100%        4
 Summon Ice Beast         Ice/Summ       0%         N/A       100%        4
 Alistair's Intoxication  Tmut/Pois      0%         N/A       100%        5
 Borgnjor's Vile Clutch   Necr/Erth      0%         N/A       100%        5
 Freezing Cloud           Conj/Ice/Air   0%         6-21      100%        5
 Irradiate                Conj/Tmut      0%         3d11      100%        5
 Metabolic Englaciation   Hex/Ice        0%         N/A       100%        5
 Summon Forest            Summ/Tloc      0%         N/A       100%        5
 Summon Mana Viper        Hex/Summ       0%         N/A       100%        5
 Yara's Violent Unravell  Hex/Tmut       0%         3d3       100%        5
 Conjure Ball Lightning   Conj/Air       0%         3x3d6     100%        6
 Eringya's Noxious Bog    Tmut/Pois      0%         N/A       100%        6
 Simulacrum               Ice/Necr       0%         N/A       100%        6
 Statue Form              Tmut/Erth      0%         N/A       100%        6
 Summon Cactus Giant      Summ           0%         N/A       100%        6
 Malign Gateway           Summ/Tloc      0%         N/A       100%        7
 Monstrous Menagerie      Summ           0%         N/A       100%        7
 Orb of Destruction       Conj           0%         9d5       100%        7
 Spellforged Servitor     Conj/Summ      0%         N/A       100%        7
 Summon Hydra             Summ           0%         N/A       100%        7
 Discord                  Hex            0%         N/A       100%        8
 Disjunction              Tloc           0%         N/A       100%        8
 Maxwell's Capacitive Co  Air            0%         ∞         100%        8
 Chain Lightning          Conj/Air       0%         N/A       100%        9
 Fire Storm               Conj/Fire      0%         5d1       100%        9
 Shatter                  Erth           0%         3d5*      100%        9


Dungeon Overview and Level Annotations

Branches:
Dungeon (15/15)            Temple (1/1) D:5            Lair (5/5) D:10
  Swamp (4/4) Lair:3       Spider (4/4) Lair:2        Slime (0/5) Lair:5
    Orc (2/2) D:9             Elf (3/3) Orc:2        Vaults (5/5) D:13
  Crypt (0/3) Vaults:2     Depths (0/4) D:15          Sewer (visited)
 Bailey (visited)         Volcano (visited)         Desolation (visited)

Altars:
Ashenzari
Cheibriados
Dithmenos
Elyvilon
Fedhas
Gozag
Hepliaklqana
Kikubaaqudgha
Makhleb
Nemelex Xobeh
Okawaru
Qazlal
Ru
Sif Muna
Trog
Uskayaw
Vehumet
Wu Jian
Xom
Yredelemnul
Zin
The Shining One
Beogh
Lugonu

Shops:
D:2 *   D:7 =   D:10 (   Orc:2 ([:(   Elf:3 :   Vaults:1 [

Annotations:
Spider:1 Nikola
Spider:2 2 transporters, woowoo's ghost, adept MiWn
Spider:3 exclusion: downstairs
Vaults:4 3 runed translucent doors, astronautguy's ghost, master FoEE


Message History

You start resting.
A stone giant comes into view.
Your shield is strengthened by the Shining One's divine power.
The stone giant shouts!
Unknown command.
Throw: 15 boomerangs
Press: ? - help, Q - select action, (/) - cycle Shift-Dir - straight line, f - stone giant
Aim: a stone giant, quivering large rocks (haloed, 97% to hit)
You throw a boomerang.
The boomerang hits the stone giant and shatters for extra damage!!
The stone giant is moderately wounded.
Throw: 14 boomerangs
Press: ? - help, Q - select action, (/) - cycle Shift-Dir - straight line, f/p - stone giant
Aim: a stone giant, quivering large rocks (moderately wounded, haloed, 97% to hit)
You throw a boomerang.
The boomerang completely misses the stone giant.
The stone giant throws a large rock.
The large rock hits you!!!
* * * LOW HITPOINT WARNING * * *
Throw: 14 boomerangs
Press: ? - help, Q - select action, (/) - cycle Shift-Dir - straight line, f/p - stone giant
Aim: a stone giant, quivering large rocks (moderately wounded, haloed, 97% to hit)
You throw a boomerang.
The boomerang hits the stone giant but does no damage.
The stone giant is moderately wounded.
Throw: 14 boomerangs
Press: ? - help, Q - select action, (/) - cycle Shift-Dir - straight line, f/p - stone giant
Aim: a stone giant, quivering large rocks (moderately wounded, haloed, 97% to hit)
You throw a boomerang.
The boomerang completely misses the stone giant.
You slash the stone giant! You burn the stone giant.
The stone giant is moderately wounded.
Unknown command.
You hit the stone giant. You burn the stone giant.
The stone giant is heavily wounded.
You block the stone giant's attack.
Unknown command.
You slash the stone giant! You burn the stone giant.
The stone giant is severely wounded.
The stone giant hits you!!
You die...

. #. .#
.#
######.#
#(....#
#...))#
#..(..#
#@C())#
######)#
#.. ....
....#
....#
####


You could see a stone giant.

Vanquished Creatures
  Jory (Vaults:4)
  Jorgrun (Spider:1)
  A hellephant (Abyss:4)
  2 titans
  4 deep elf blademasters
  A quicksilver dragon (Vaults:5)
  A sphinx (Vaults:1)
  Frances (D:14)
  2 thorn hunters
  A shadow dragon (Vaults:4)
  Donald (Vaults:1)
  A tengu reaver (Vaults:5)
  3 fire giants
  Roxanne (D:14)
  3 imperial myrmidons (Desolation)
  2 emperor scorpions (Spider:4)
  4 orc warlords
  9 deep elf sorcerers
  2 deep elf elementalists (Elf:3)
  13 vault wardens
  2 angels (Vaults:1)
  2 ghost moths
  15 ironbound preservers
  5 stone giants
  3 very ugly things
  2 broodmothers (Spider:4)
  2 war gargoyles
  Nessos (D:14)
  5 bunyips
  2 eleionomae
  3 deep elf demonologists
  4 ironbound thunderhulks
  2 spark wasps
  10 deep elf annihilators
  A halazid warlock (Desolation)
  15 dire elephants
  7 deep elf death magi
  10 deep elf high priests
  8 crystal guardians
  6 fire dragons
  An ettin (Vaults:4)
  Josephine (D:13)
  A shambling mangrove (Swamp:3)
  7 ragged hierophants (Desolation)
  7 great orbs of eyes
  13 yaktaur captains
  A ghost crab (Swamp:3)
  5 entropy weavers
  4 radroaches
  7 servants of whispers (Desolation)
  Harold (Lair:1)
  31 vault guards
  13 peacekeepers
  4 jorogumos
  15 hydras
  25 centaur warriors
  2 ogre magi
  5 boulder beetles
  5 ironbound frosthearts
  15 alligators
  7 death scarabs (Spider:4)
  7 two-headed ogres
  A two-headed ogre (shapeshifter) (Vaults:5)
  22 dancing weapons
  11 death yaks
  3 tengu warriors
  An orc high priest (Elf:1)
  A vampire mage (Vaults:2)
  A spriggan berserker (Swamp:3)
  2 spectral emperor scorpions (Spider:4)
  8 spriggans
  20 deep elf knights
  A titan zombie (Vaults:4)
  4 sun demons (Volcano)
  2 skysharks
  A sun moth (Spider:3)
  3 pharaoh ants
  A spatial maelstrom (Abyss:4)
  8 orb spiders
  9 skeletal warriors
  11 goliath frogs
  An orb spider (shapeshifter) (D:13)
  An orange crystal statue (D:9)
  38 deep trolls
  A tengu zombie (Vaults:1)
  7 bog bodies
  4 spriggan druids
  14 deep elf archers
  Pikel (D:7)
  6 steelbarb worms
  9 lindwurms
  13 orc knights
  6 wizards
  19 ironbound convokers
  5 swamp dragons
  2 wolf spider zombies (Spider:4)
  8 harpies
  29 deep elf pyromancers
  A phantasmal warrior (Vaults:5)
  A stone giant zombie (Vaults:1)
  A spectral wolf spider (Spider:4)
  37 deep elf zephyrmancers
  15 wolf spiders
  An orc sorcerer (Elf:3)
  A faun (shapeshifter) (Vaults:5)
  3 necromancers
  3 will-o-the-wisps
  6 cyclopes
  A frost giant zombie (Vaults:1)
  2 manticores
  23 ugly things
  Maurice (D:11)
  6 moths of wrath
  An ice statue (D:9)
  An elf zombie (Vaults:4)
  Joseph (Lair:1)
  The ghost of seaoflcl the Chopper, a novice MiFi of Ru (D:6)
  3 black mambas (Lair:5)
  11 demonic crawlers
  8 torpor snails
  A smoke demon (Volcano)
  4 guardian serpents (Desolation)
  10 cane toads
  2 gargoyles
  17 elephants
  13 vault sentinels
  4 unseen horrors
  3 efreet
  4 rime drakes
  A hellion (Abyss:4)
  6 komodo dragons
  A rime drake (shapeshifter) (D:13)
  41 yaktaurs
  A redback zombie (Spider:4)
  2 spectral redbacks (Spider:4)
  A polar bear (shapeshifter) (D:14)
  2 bloated husks
  4 polar bears
  3 meliai
  11 tyrant leeches
  9 trolls
  5 spectral tarantellas (Spider:4)
  8 hornets
  3 spectral culicivoras (Spider:4)
  4 spectral jumping spiders (Spider:4)
  59 saltlings (Desolation)
  16 tarantellas
  15 blink frogs
  21 dream sheep
  An ettin zombie (Vaults:4)
  21 culicivoras
  A jumping spider (shapeshifter) (D:14)
  13 slime creatures
  A centaur simulacrum (D:13)
  2 vampires (D:11)
  32 jumping spiders
  5 air elementals
  4 wyverns
  A ynoxinul (Abyss:4)
  42 yaks
  4 fire elementals
  8 wraiths
  A water elemental (Elf:1)
  5 small abominations
  8 steam dragons
  5 basilisks
  55 redbacks
  A large abomination (D:8)
  19 vampire mosquitoes
  A redback (shapeshifter) (Elf:3)
  4 spatial vortices (Abyss:4)
  A glowing shapeshifter zombie (Vaults:1)
  8 swamp worms
  3 acid dragons
  5 wargs
  A glowing shapeshifter skeleton (Vaults:4)
  11 water moccasins
  A hell hound (Volcano)
  8 swamp drakes
  2 black bears
  36 orc warriors
  A sky beast (shapeshifter) (Vaults:3)
  A sky beast (D:7)
  2 black bears (shapeshifter)
  A human zombie (Vaults:2)
  28 wolves
  11 centaurs
  13 ogres
  A lemure (D:7)
  2 phantoms
  5 kobold brigands
  17 bullfrogs
  4 scorpions
  A bullfrog (shapeshifter) (D:14)
  2 gnoll sergeants
  10 wights
  A human simulacrum (Vaults:4)
  5 killer bees (D:9)
  2 electric eels (D:11)
  A lava snake (Swamp:4)
  3 hounds
  4 jellies (Lair:5)
  24 orc priests
  A gnoll bouda (D:6)
  A sleepcap (D:6)
  4 iguanas
  32 orc wizards
  14 gnolls
  10 adders
  5 river rats (Sewer)
  A shadow imp (D:5)
  2 white imps
  2 ufetubi
  3 worms
  6 dart slugs
  82 orcs
  8 endoplasms
  4 giant cockroaches
  15 goblins
  11 hobgoblins
  11 jackals
  30 kobolds
  7 quokkas
  11 ball pythons
  5 bats
  13 frilled lizards
  9 rats
1745 creatures vanquished.

Vanquished Creatures (collateral kills)
  A hellephant (Abyss:4)
  An ironbound thunderhulk (Vaults:1)
  A hydra (D:15)
  An orc knight (Vaults:1)
  A manticore (D:15)
5 creatures vanquished.

Vanquished Creatures (others)
  A hydra (Swamp:4)
  2 deep elf pyromancers
  A wolf spider (Spider:4)
  2 swamp drakes (Swamp:4)
  An orc (D:11)
  14 foxfires
21 creatures vanquished.

Grand Total: 1771 creatures vanquished

Notes
Turn   | Place    | Note
-------+----------+-------------------------------------------
     0 | D:1      | cdecastro the Hill Orc Fighter began the quest for the Orb.
     0 | D:1      | Reached XP level 1. HP: 19/19 MP: 1/1
   131 | D:1      | Reached XP level 2. HP: 27/27 MP: 2/2
   877 | D:2      | Reached XP level 3. HP: 33/33 MP: 3/3
  1037 | D:2      | Reached XP level 4. HP: 41/41 MP: 4/4
  1279 | D:2      | Reached skill level 5 in Axes
  1504 | D:2      | Identified the +4 falchion of Glory {heavy, Dex+2}
  1506 | D:2      | Identified the ring "Buhor" {Will+ Str+5 Int+5 Slay-6}
  1632 | D:2      | Found Japoci's General Store.
  1635 | D:2      | Bought a scroll of identify for 24 gold pieces
  1635 | D:2      | Bought a scroll of teleportation for 36 gold pieces
  2402 | D:3      | Reached XP level 5. HP: 47/47 MP: 5/5
  2810 | D:4      | Reached skill level 5 in Fighting
  2956 | D:4      | Found a glowing drain.
  2960 | Sewer    | Entered a sewer
  3140 | Sewer    | Reached XP level 6. HP: 55/56 MP: 6/6
  3874 | D:4      | Reached XP level 7. HP: 49/63 MP: 7/7
  4451 | D:5      | Entered Level 5 of the Dungeon
  4732 | D:5      | Found a staircase to the Ecumenical Temple.
  4758 | Temple   | Entered the Ecumenical Temple
  4758 | Temple   | Found a transporter.
  4758 | Temple   | Found a transporter.
  4760 | Temple   | Found a transporter.
  4760 | Temple   | Found a transporter.
  4798 | Temple   | Became a worshipper of the Shining One
  5272 | D:6      | Reached XP level 8. HP: 62/73 MP: 8/8
  5347 | D:6      | Found a blossoming altar of Fedhas.
  5350 | D:6      | Found an ancient bone altar of Kikubaaqudgha.
  5383 | D:6      | Reached skill level 10 in Axes
  5528 | D:6      | Found a runed translucent door.
  5563 | D:6      | Found a runed translucent door.
  5570 | D:6      | Noticed seaoflcl's ghost (novice MiFi)
  5820 | D:6      | Reached * piety under the Shining One
  6361 | D:6      | Reached skill level 1 in Invocations
  6376 | D:6      | Reached XP level 9. HP: 82/82 MP: 9/11
  6421 | D:6      | HP: 3/82 [orc priest/divine providence (13)]
  6910 | D:6      | Reached skill level 10 in Shields
  6910 | D:6      | Reached XP level 10. HP: 90/90 MP: 13/13
  6911 | D:6      | Reached skill level 10 in Fighting
  6911 | D:6      | Reached skill level 10 in Invocations
  6911 | D:6      | Reached XP level 11. HP: 101/101 MP: 13/18
  6938 | D:7      | Found Ownemezi's Jewellery Shop.
  7065 | D:7      | Noticed Pikel
  7076 | D:7      | Killed Pikel
  7209 | D:7      | Found a shimmering altar of Xom.
  7253 | D:7      | Found an opulent altar of Gozag.
  7402 | D:7      | Found a hazy altar of Hepliaklqana.
  8060 | D:8      | Found a corrupted altar of Lugonu.
  8060 | D:8      | Reached ** piety under the Shining One
  8060 | D:8      | Noticed a purple ugly thing
  8060 | D:8      | Noticed a purple ugly thing
  8061 | D:8      | Found a transporter.
  8220 | D:8      | Found a transporter.
  8222 | D:8      | Noticed a cyan ugly thing
  8562 | D:9      | Found a staircase to the Orcish Mines.
  8712 | D:9      | Noticed an orange crystal statue
  9016 | D:9      | Found a roughly hewn altar of Beogh.
  9253 | D:9      | Noticed a deep elf pyromancer
  9253 | D:9      | Reached *** piety under the Shining One
  9257 | D:9      | Killed a deep elf pyromancer
  9332 | D:10     | Entered Level 10 of the Dungeon
  9333 | D:10     | Found a transporter.
  9335 | D:10     | Found a transporter.
  9337 | D:10     | Found a transporter.
  9355 | D:10     | Found a transporter.
  9405 | D:10     | Reached skill level 10 in Armour
  9410 | D:10     | Found a flagged portal.
  9426 | Bailey   | Entered a bailey
  9724 | Bailey   | Noticed an orc knight
  9724 | Bailey   | Noticed an orc knight
  9760 | Bailey   | Killed an orc knight
  9767 | Bailey   | Killed an orc knight
 10030 | Bailey   | Reached XP level 12. HP: 108/112 MP: 19/19
 10136 | Bailey   | Reached XP level 13. HP: 117/117 MP: 20/20
 10301 | D:10     | Found a staircase to the Lair.
 10307 | D:10     | Reached skill level 1 in Dodging
 10479 | D:10     | Found Waohusopac's Weapon Shop.
 10656 | D:2      | Bought a scroll of fear for 48 gold pieces
 10656 | D:2      | Bought a scroll of identify for 24 gold pieces
 10656 | D:2      | Bought a scroll of identify for 24 gold pieces
 11766 | D:11     | Noticed Maurice
 11805 | D:11     | Killed Maurice
 12784 | D:12     | Reached **** piety under the Shining One
 12919 | D:12     | Reached skill level 5 in Dodging
 13248 | D:12     | Found an iron altar of Okawaru.
 13787 | D:12     | Identified the +2 ring mail of Mempuxt {Rampage rPois rC-}
 14212 | D:13     | Noticed Josephine
 14228 | D:13     | Killed Josephine
 14523 | D:13     | Reached XP level 14. HP: 121/130 MP: 23/23
 14985 | D:13     | Found a gate to the Vaults.
 14985 | D:13     | Reached ***** piety under the Shining One
 15003 | D:13     | Noticed an ironbound preserver
 15034 | D:13     | Killed an ironbound preserver
 15434 | D:13     | Found a sparkling altar of Nemelex Xobeh.
 15747 | D:14     | Noticed Frances
 15759 | D:14     | Killed Frances
 15983 | D:14     | Noticed Nessos
 15996 | D:14     | Killed Nessos
 16195 | D:14     | Noticed Roxanne
 16725 | D:13     | Reached skill level 15 in Fighting
 16876 | D:14     | Reached skill level 15 in Invocations
 17115 | D:15     | Entered Level 15 of the Dungeon
 17138 | D:15     | Found a hazy altar of Hepliaklqana.
 17223 | D:15     | Reached skill level 1 in Throwing
 17785 | D:6      | Killed seaoflcl's ghost
 18897 | D:15     | Identified 2 scrolls of acquirement
 18994 | D:15     | Reached XP level 15. HP: 74/141 MP: 26/26
 19153 | D:15     | Found a staircase to the Depths.
 19906 | Orc:1    | Entered Level 1 of the Orcish Mines
 19939 | Orc:1    | Reached skill level 5 in Throwing
 20323 | Orc:2    | Entered Level 2 of the Orcish Mines
 20562 | Orc:2    | Found a roughly hewn altar of Beogh.
 20570 | Orc:2    | Found Kaevac's Book Shop.
 20815 | Orc:2    | Found a roughly hewn altar of Beogh.
 20939 | Orc:2    | Found a roughly hewn altar of Beogh.
 20949 | Orc:2    | Found Masurulo's Antique Weapon Emporium.
 21072 | Orc:2    | Found a staircase to the Elven Halls.
 21402 | Orc:2    | Found a roughly hewn altar of Beogh.
 21418 | Orc:2    | Found a roughly hewn altar of Beogh.
 21563 | Orc:2    | Noticed an orc warlord
 21591 | Orc:2    | Killed an orc warlord
 21660 | Orc:2    | Found Iwkuz's Antique Weapon Emporium.
 21661 | Orc:2    | Found a roughly hewn altar of Beogh.
 21662 | Orc:2    | Found Huxaent's Antique Armour Shoppe.
 21781 | Lair:1   | Entered Level 1 of the Lair of Beasts
 21917 | Lair:1   | Noticed Harold
 21935 | Lair:1   | Killed Harold
 22125 | Lair:1   | Noticed Joseph
 22149 | Lair:1   | Killed Joseph
 22942 | Lair:2   | Found a hole to the Spider Nest.
 24798 | Lair:3   | Found a staircase to the Swamp.
 25347 | Lair:4   | Reached XP level 16. HP: 147/155 MP: 27/27
 25467 | Lair:4   | Found a dark tunnel.
 25475 | Volcano  | Entered a volcano
 25652 | Volcano  | Reached ****** piety under the Shining One
 26146 | Volcano  | Found the +2 cloak of the Thief {*Fog Slay-2 SInv Stlth+}
 26168 | Volcano  | Reached skill level 10 in Throwing
 27085 | Lair:5   | Entered Level 5 of the Lair of Beasts
 27496 | Lair:5   | Identified the +8 trident of Puschuh {freeze, rC+ Dex+2}
 28552 | Lair:5   | Found a staircase to the Slime Pits.
 29281 | Spider:1 | Entered Level 1 of the Spider Nest
 29439 | Spider:1 | Noticed Jorgrun
 29945 | Spider:1 | Killed Jorgrun
 30831 | Spider:1 | Noticed Nikola
 31743 | Spider:2 | Reached XP level 17. HP: 158/166 MP: 28/28
 32058 | Spider:2 | Noticed woowoo's ghost (adept MiWn)
 32062 | Spider:2 | Found a transporter.
 32143 | Spider:2 | Found a transporter.
 34661 | Spider:4 | Entered Level 4 of the Spider Nest
 36543 | Spider:4 | Reached XP level 18. HP: 175/178 MP: 29/29
 36626 | Spider:4 | Got a gossamer rune of Zot
 36673 | Spider:4 | Identified the +2 barding of Birdsong {Dex+3}
 37228 | Swamp:1  | Entered Level 1 of the Swamp
 37387 | Orc:2    | Bought a dazzling chain mail for 256 gold pieces
 37387 | Orc:2    | Identified the +4 chain mail of Junaillo {rPois rC+} (You
                  | bought it in a shop on level 2 of the Orcish Mines)
 40840 | Swamp:3  | Identified the ring of the Lachrymose God {+Blink rN+ SInv}
 41014 | Swamp:4  | Entered Level 4 of the Swamp
 42239 | Swamp:4  | Reached XP level 19. HP: 136/185 MP: 30/30
 43032 | Swamp:4  | Got a decaying rune of Zot
 44181 | D:14     | Killed Roxanne
 44381 | Elf:1    | Entered Level 1 of the Elven Halls
 45194 | Elf:1    | Noticed an Ice Fiend
 46464 | Elf:1    | Got Huitoij's Annotations on the Congregation
 46686 | Elf:1    | Found a huge runed translucent gate.
 46686 | Elf:1    | Found a huge runed translucent gate.
 46687 | Elf:1    | Found a huge runed translucent gate.
 46687 | Elf:1    | Found a huge runed translucent gate.
 46687 | Elf:1    | Found a huge runed translucent gate.
 46687 | Elf:1    | Found a huge runed translucent gate.
 46687 | Elf:1    | Found a huge runed translucent gate.
 46687 | Elf:1    | Found a huge runed translucent gate.
 46691 | Elf:1    | Identified the +0 double sword of Fedhas's Scorn {freeze,
                  | rF+ rN+ Str-3 Stlth+}
 46879 | Elf:1    | Paralysed by an air elemental for 1 turns
 47729 | Elf:2    | Reached skill level 15 in Throwing
 48167 | Elf:2    | Found a runed translucent gate.
 48170 | Elf:2    | Found a runed translucent gate.
 48170 | Elf:2    | Found a runed translucent gate.
 48650 | Elf:2    | Paralysed by an air elemental for 1 turns
 48887 | Elf:2    | Paralysed by an air elemental for 1 turns
 49725 | Elf:2    | Reached XP level 20. HP: 52/193 MP: 25/31
 50814 | Vaults:1 | Entered Level 1 of the Vaults
 50822 | Vaults:1 | Reached skill level 1 in Evocations
 50980 | Vaults:1 | Found a crumbling gateway.
 51047 | Vaults:1 | Found a white marble altar of Elyvilon.
 51047 | Vaults:1 | Found a glowing silver altar of Zin.
 51047 | Vaults:1 | Found a glowing golden altar of the Shining One.
 51056 | Desolati | Entered the Desolation of Salt
 52040 | Desolati | Identified the ring of Fimiaw {MP+9 Str+3 SInv}
 53225 | Desolati | Identified the ring "Situak" {rF- Will+ Int+7 Dex-5 SInv}
 53438 | Desolati | Reached skill level 15 in Armour
 53953 | D:15     | Identified a +9 broad axe of holy wrath (a +7 broad axe of
                  | flaming blessed by the Shining One)
 53953 | D:15     | Received a gift from the Shining One
 54109 | Vaults:1 | Noticed Donald
 54125 | Vaults:1 | Killed Donald
 54241 | Vaults:1 | Reached skill level 5 in Evocations
 54745 | Vaults:1 | Found Comu's Antique Armour Shop.
 54833 | Vaults:1 | Bought a shiny plate armour for 884 gold pieces
 54833 | Vaults:1 | Bought an ancient chain mail for 323 gold pieces
 54833 | Vaults:1 | Identified the +2 chain mail of Dutyow {rElec} (You bought
                  | it in a shop on level 1 of the Vaults)
 55171 | Vaults:1 | Reached XP level 21. HP: 172/201 MP: 32/32
 55852 | Vaults:1 | Identified the +5 battleaxe "Arram" {drain, rCorr}
 55976 | Vaults:1 | HP: 2/201 [ironbound thunderhulk/bolt of lightning (44)]
 58343 | Vaults:2 | Found a staircase to the Crypt.
 60188 | Vaults:3 | Reached XP level 22. HP: 132/209 MP: 33/33
 60488 | Vaults:3 | Reached skill level 10 in Evocations
 62041 | Vaults:4 | Noticed Jory
 62061 | Vaults:4 | Killed Jory
 62231 | Vaults:4 | Found a runed translucent gate.
 62233 | Vaults:4 | Found a runed translucent gate.
 62270 | Vaults:4 | Noticed astronautguy's ghost (master FoEE)
 62282 | Vaults:4 | Found a runed translucent gate.
 62514 | Vaults:4 | Got The Precepts of Greatest Risks and Utility
 62547 | Vaults:4 | Reached skill level 15 in Shields
 63167 | Vaults:5 | Entered Level 5 of the Vaults
 63672 | Elf:3    | Entered Level 3 of the Elven Halls
 64327 | Abyss:4  | Cast into level 4 of the Abyss (a deep elf sorcerer)
 64336 | Abyss:4  | Found a corrupted altar of Lugonu.
 64358 | Abyss:4  | Got an abyssal rune of Zot
 64380 | Abyss:4  | Found a corrupted altar of Lugonu.
 64533 | Abyss:4  | Found a corrupted altar of Lugonu.
 64582 | Elf:3    | Escaped the Abyss
 64794 | Elf:3    | Paralysed by an air elemental for 1 turns
 65205 | Elf:3    | Found Uriepuog's Vocational Training.
 65225 | Elf:2    | Found a shimmering altar of Xom.
 65378 | Elf:3    | Reached XP level 23. HP: 200/215 MP: 34/34
 65610 | Elf:3    | Identified the +1 robe of the Bagpipe {rElec rPois rC-
                  | Int-4}
 65610 | Elf:3    | Identified the ring of Zewk {Fire rN+ Will+ SInv}
 65997 | Elf:3    | Identified the +6 scale mail of Analysis {-Tele Harm rCorr
                  | Slay+5}
 65997 | Elf:3    | Identified an amulet of the Turtle {Faith Harm +Inv Int+2}
 67016 | Elf:3    | Identified the +6 spear "Dragonbane" {drain, rCorr}
 67031 | Elf:3    | Identified the +5 dagger "Cuku" {flame, rC+}
 67083 | Elf:3    | Found the +3 pair of mountain boots {steadfast, rC+}
 67678 | Vaults:5 | HP: 7/217 [Executioner[a deep elf demonologist] (5)]
 67872 | Vaults:5 | HP: 4/217 [titan/the air (22)]
 68117 | Vaults:5 | Mangled by a stone giant

Illustrated notes

Levels and vault maps discovered:
D:1:      moated_graveyard_arrival, layout_basic
D:2:      layout_basic, serial_shops, nicolae_shop_real_fake_doors,
          minmay_tetromino_l4
D:3:      layout_basic
D:4:      layout_loops_ring, gup_sewer_entry_spiral
D:5:      layout_basic, minmay_temple_entry_mini_moons
D:6:      kennysheep_housing_project, layout_loops_ring,
          grunt_temple_overflow_growth_and_decay, ebering_ghost_sewer_f,
          corner_web_ring
D:7:      layout_loops_ring, nicolae_gozag_seed_capital,
          mainiacjoe_overflow_surrounded_room, kennysheep_little_box,
          minmay_shop_enchanted_jewellery, hangedman_abyss_or_decor_stagger,
          uniq_pikel
D:8:      gammafunk_corrupted_shrine, layout_loops_ring, serial_bayou_crossing
D:9:      minmay_separated_statues, layout_loops_cross,
          minmay_orc_entry_temple_small
D:10:     layout_cave_pools, grunt_lair_entry_orc_guard_hut, enter_bailey_3,
          serial_shops, nicolae_square_shop, nicolae_diode_quadrants
D:11:     minmay_chambers_of_sixes, layout_basic, st_stairs_4, uniq_maurice
D:12:     layout_gridville, okawaru_gym_becter
D:13:     layout_long_grid, skrybe_vaults_entry_preservation,
          serial_bayou_pond_c, nemelex_diamond_rough_becter, uniq_josephine
D:14:     layout_loops_ring, uniq_nessos, uniq_frances, uniq_roxanne
D:15:     grunt_enter_depths_hoard, layout_loops_ring,
          nicolae_hepliaklqana_hazy_memory
Temple:   hellmonk_temple_divided_pantheon
Lair:1:   layout_hall_layers, uniq_harold, uniq_joseph
Lair:2:   layout_loops_ring, spider_nest_entry_a, minivault_26
Lair:3:   layout_hall_layers, swamp_mist
Lair:4:   layout_layer_cave, enter_volcano_4
Lair:5:   hangedman_lair_in_review, layout_gridlike,
          nicolae_slime_entry_slimehenge
Swamp:1:  layout_falls_marsh, nicolae_swamp_triple_paths
Swamp:2:  layout_basic_swamp, serial_swamp_ruin, hangedman_swamp_ruin_hall,
          evilmike_swamp_ruin_house_6, swamp_pool1, infiniplex_staircase_pool_2
Swamp:3:  cheibrodos_swamp_heart_of_darkness, layout_basic_swamp,
          hangedman_swamp_ruin_wall, swamp_pool5, infiniplex_staircase_pool
Swamp:4:  swamp_fiery, layout_basic_swamp
Spider:1: layout_spider_delve, drop_trap, hangedman_spider_tarantella_strand,
          uniq_nikola, uniq_jorgrun
Spider:2: layout_spider_delve, gammafunk_ghost_arena, hellmonk_test_site
Spider:3: layout_spider_delve, guppyfry_spider_mini_1
Spider:4: floodkiller_spider_rune_tomb
Orc:1:    layout_caves
Orc:2:    grunt_orc_community_town_hall, layout_diamond_mine,
          grunt_orc_community_big_house_2, grunt_orc_community_big_house_2,
          grunt_orc_community_house_2, grunt_orc_community_house_1,
          grunt_orc_community_house_1, grunt_orc_community_house_1,
          grunt_orc_community_house_1
Elf:1:    minmay_elf_arrival_summoners, layout_rooms, minmay_elf_demonology,
          nicolae_elf_double_double_double_trouble
Elf:2:    elven_hall_of_blades_hangedman_original [nicolae_blade_tridents],
          layout_geoelf_grid, hangedman_elf_represent, lemuel_upstairs_altar
Elf:3:    minmay_elf_hall_x, layout_onion_city, nicolae_shop_vocational
Vaults:1: portal_desolation_entry_holy_temple, hangedman_vaults_trim,
          nicolae_vaults_storage_closets_2, nicolae_vaults_circle_grid_a,
          nicolae_vaults_ring_of_whatevers, nicolae_vaults_circle_grid_a,
          nicolae_vaults_branching_niches, nicolae_vaults_lightning_bolt,
          nicolae_vaults_shelves_hall, grunt_vaults_hallway_short,
          hangedman_vaults_corner, nicolae_vaults_variable_pillar_hall,
          layout_vaults_maze_snakey, serial_shops, shop, uniq_donald
Vaults:2: v_misc_2, nicolae_vaults_shipping_containers_7,
          minmay_crypt_entry_simple_box, vaults_room_pool,
          nicolae_vaults_border_crossing, v_misc_12, v_alt_pattern_6, v_misc_23,
          layout_vaults_omnigrid
Vaults:3: nicolae_vaults_circle_grid_b, v_alt_pattern_4,
          nicolae_vaults_apartment_1, nicolae_vaults_yaktaur_gun_rack,
          vaults_room_fancy_cross, nicolae_vaults_tetromino_Z_1,
          nicolae_vaults_big_ls, nicolae_vaults_asterisk, vaults_room_corners,
          layout_vaults_big_room
Vaults:4: ebering_ghost_rock_garden, nicolae_vaults_double_plus_1,
          nicolae_vaults_angled_halls, dpeg_vaults_waves,
          nicolae_vaults_doubleplus_tesselated, ontoclasm_vaults_bender,
          vaults_standard_mumra_x, vaults_room_boxed, hangedman_vaults_impose,
          layout_vaults_ring, uniq_jory
Vaults:5: uniq_saint_roka

Skill      XL: |  1  2  3  4  5  6  7  8  9 10 11 12 13 14 15 16 17 18 19 20 21 22 23 |
---------------+----------------------------------------------------------------------+-----
Axes           | 3 4 5 6 8 9 11 12 16 18 19 20 | 20.0
Fighting       | 4 5 6 7 8 10 11 13 15 17 18 20 | 20.8
Invocations    | 2 4 10 12 15 | 15.0
Armour         | 8 10 12 14 16 19 20 | 20.1
Shields        | 10 13 14 17 19 | 19.3
Dodging        | 5 6 |  6.3
Throwing       | 4 9 11 13 15 17 | 17.0
Evocations     | 6 9 11 | 11.0

Action                     |  1- 3 |  4- 6 |  7- 9 | 10-12 | 13-15 | 16-18 | 19-21 | 22-24 || total
---------------------------+-------+-------+-------+-------+-------+-------+-------+-------++-------
  Melee: War axe           |    75 |   324 |   189 |   163 |  1221 |  1417 |   897 |       ||  4286
         Flail             |       |       |       |       |     6 |       |       |       ||     6
         Broad axe         |       |       |       |       |       |    19 |   708 |   604 ||  1331
  Throw: Dart              |       |       |       |       |     5 |     2 |     1 |       ||     8
         Boomerang         |       |       |       |       |     3 |   293 |    69 |   102 ||   467
         Javelin           |       |       |       |       |       |     6 |     5 |     2 ||    13
 Invoke: Divine Shield     |       |       |       |       |     6 |     9 |    20 |    10 ||    45
         Summon Divine War |       |       |       |       |     1 |       |     1 |     1 ||     3
         Cleansing Flame   |       |       |       |       |       |     7 |     9 |       ||    16
         Brand Weapon With |       |       |       |       |       |       |     1 |       ||     1
  Evoke: Phantom mirror    |       |       |       |       |       |     1 |       |       ||     1
         Wand              |       |       |       |       |       |     1 |       |     1 ||     2
         Tin of tremorston |       |       |       |       |       |       |     1 |       ||     1
    Use: Scroll            |       |       |    11 |     4 |    11 |     9 |    13 |    10 ||    58
         Potion            |       |       |     2 |     3 |     2 |     5 |     9 |    11 ||    32
 Armour: Scale mail        |    29 |   120 |    14 |       |       |       |       |       ||   163
         Plate armour      |       |       |    73 |    85 |   292 |   493 |       |       ||   943
         Chain mail        |       |       |       |       |       |   118 |   416 |   150 ||   684
  Dodge: Dodged            |    38 |   112 |    64 |    45 |   370 |   740 |   592 |   148 ||  2109
  Block: Buckler           |    19 |    63 |    38 |    97 |   535 |   867 |   506 |       ||  2125
         Reflection        |       |       |       |    24 |    19 |     5 |    67 |    43 ||   158
         Kite shield       |       |       |       |       |       |       |   554 |   414 ||   968
